 Dungeon Crawl Stone Soup version 0.14.2 (webtiles) character file.

70 Amnesiac the Ducker (level 2, -2/16 HPs)
             Began as a Spriggan Monk on Feb 11, 2018.
             Slain by an adder (4 damage)
             ... on Level 2 of the Dungeon.
             The game lasted 00:01:02 (1119 turns).

Amnesiac the Ducker (Spriggan Monk)                 Turns: 1119, Time: 00:01:03

HP  -2/16        AC  2     Str  7      XL: 2   Next: 58%
MP   4/4         EV 20     Int 13      God:
Gold 50          SH  0     Dex 18      Spells:  0 memorised,  1 level left

rFire  . . .     SeeInvis +       - Unarmed
rCold  . . .     Clarity  .     a - +0 robe
rNeg   . . .     Conserve .     (shield restricted)
rPois  .         rCorr    .     (helmet restricted)
rElec  .         rRot     .     (no cloak)
SustAb . .       Spirit   .     (gloves unavailable)
rMut   .         Warding  .     (boots unavailable)
Saprov . . .     Stasis   .     (no amulet)
MR     .....                    (no ring)
                                (no ring)

@: lethally poisoned, very quick, not resistant to hostile enchantments,
stealthy
A: unfitting armour, see invisible, clever 1, herbivore 3, speed 3, slow
metabolism 2
a: no special abilities


You were on level 2 of the Dungeon.
You were not hungry.

You visited 1 branch of the dungeon, and saw 2 of its levels.

You collected 50 gold pieces.

Inventory:

Missiles
 d - 12 darts of flame (quivered)
 e - a dart of dispersal
Armour
 a - a +0 robe (worn)
Scrolls
 c - 2 scrolls of identify {!r, unknown}
 h - a scroll of enchant armour {!r, unknown}
 i - a scroll of teleportation {!r, unknown}
Jewellery
 g - a +2 ring of protection {unknown}
Potions
 b - a potion of porridge {!q}


   Skills:
 - Level 2.4 Fighting
 - Level 4.4 Dodging
 - Level 3.0 Stealth
 + Level 3.9 Unarmed Combat


You had one spell level left.
You didn't know any spells.

Dungeon Overview and Level Annotations

Branches:
Dungeon (2/15)

Altars:
Xom


Innate Abilities, Weirdness & Mutations

You are tiny and cannot use many weapons and most armour.
You have supernaturally acute eyesight.
You are a herbivore.
You cover ground extremely quickly.
You need consume almost no food.
Your mind is acute. (Int +2)


Message History

You open the door.
There is an open door here.
A rat skeleton comes into view.
The rat skeleton moves out of view.
The rat skeleton is too close now for your liking.
The rat skeleton closely misses you.
There is an open gate here.
You hit the rat skeleton.
You destroy the rat skeleton!
No target in view!
No target in view!
Key pressed, stopping explore.
No target in view!
Done exploring.
No target in view!
Done exploring.
No target in view!
Done exploring.
No target in view!
Done exploring.
There is a stone staircase leading down here.
You climb downwards.
An adder comes into view.
There is a stone staircase leading up here.
The helpless adder fails to defend itself.
You hit the adder.
The adder is heavily wounded.
The adder barely misses you.
You barely miss the adder.
The adder is heavily wounded.
The adder bites you.
You closely miss the adder.
The adder is heavily wounded.
The adder misses you.
You hit the adder.
The adder is almost dead.
The adder bites you.
You are poisoned.
The adder poisons you!
You hit the adder but do no damage.
The adder is almost dead.
You feel sick. The adder closely misses you. The adder misses you.
You barely miss the adder.
The adder is almost dead.
The adder barely misses you.
You closely miss the adder.
The adder is almost dead.
The adder bites you.
* * * LOW HITPOINT WARNING * * *
You are more poisoned.
The adder poisons you!
You are too injured to fight recklessly!
You are too injured to fight recklessly!
You miss the adder.
The adder is almost dead.
* * * LOW HITPOINT WARNING * * *
You feel sick. The adder barely misses you.
Drink which item? (? for menu, Esc to quit)
Really quaff
f - a glowing pink potion {!q}?
You feel clever.
You feel fantastic!
It was a potion of beneficial mutation {!q}.
The adder bites you.
You die...

## .###
..# #.#
#@#
#S........
###......
######


You could see an adder.

Vanquished Creatures
  An ooze (D:1)
  2 bats (D:1)
  2 giant cockroaches (D:1)
  3 goblins (D:1)
  2 hobgoblins (D:1)
  3 kobolds (D:1)
  2 giant newts (D:1)
  2 rats (D:1)
  A rat skeleton (D:1)
18 creatures vanquished.

Notes
Turn   | Place    | Note
--------------------------------------------------------------
     0 | D:1      | Amnesiac, the Spriggan Monk, began the quest for the Orb.
     0 | D:1      | Reached XP level 1. HP: 11/11 MP: 2/2
   271 | D:1      | Reached XP level 2. HP: 10/16 MP: 4/4
   701 | D:1      | Found a shimmering altar of Xom.
  1119 | D:2      | Gained mutation: Your mind is acute. (Int +2) [potion of beneficial mutation]
  1119 | D:2      | Slain by an adder

Action                   || total
-------------------------++-------
Melee: Unarmed           ||    76
  Use: Potion            ||     1
 Stab: Sleeping          ||     3
